 Dungeon Crawl Stone Soup version 0.27.0-1-g7a089689b8 (webtiles) character file.

Game seed: 5971497037831666957

994 ZombieSheep the Bolt Thrower (level 8, -8/46 HPs)
             Began as a Kobold Hunter on Aug 10, 2021.
             Mangled by an orc warrior (12 damage)
             ... on level 5 of the Dungeon.
             The game lasted 00:08:12 (5118 turns).

ZombieSheep the Bolt Thrower (Kobold Hunter)        Turns: 5118, Time: 00:08:13

Health: -8/46      AC:  8    Str: 11    XL:     8   Next: 42%
Magic:  8/8        EV: 12    Int: 13    God:
Gold:   315        SH:  0    Dex: 15    Spells: 7/7 levels left

rFire    . . .     SeeInvis .   a - +2 hand crossbow (vorpal)
rCold    . . .     Faith    .   (shield restricted)
rNeg     . . .     Spirit   .   n - +0 scale mail
rPois    .         Reflect  .   (no helmet)
rElec    .         Harm     .   e - +0 cloak
rCorr    +         Rampage  .   j - +0 pair of gloves
Will     .....                  (no boots)
Stlth    +++.......             (no amulet)
HPRegen  0.15/turn              p - ring of resist corrosion
MPRegen  0.11/turn              (no ring)

@: no status effects
A: small, no large weapons, nightstalker 3
a: no special abilities


You were on level 5 of the Dungeon.
You visited 1 branch of the dungeon, and saw 5 of its levels.

You collected 315 gold pieces.

Inventory:

Hand Weapons
 a - a +2 vorpal hand crossbow (weapon)
 b - a +0 short sword
Armour
 e - a +0 cloak (worn)
 j - a +0 pair of gloves (worn)
 n - a +0 scale mail (worn)
Jewellery
 m - a ring of magical power
 p - a ring of resist corrosion (left hand)
 t - a +6 ring of dexterity
Wands
 k - a wand of digging (6)
Scrolls
 c - 2 scrolls of identify
 l - a scroll of amnesia
 q - 4 scrolls of teleportation {unknown}
 r - a scroll of fog {unknown}
 u - a scroll of enchant armour {unknown}
 v - 4 scrolls of silence
 w - a scroll of brand weapon
Potions
 f - a potion of flight
 g - 2 potions of haste {unknown}
 i - a potion of might {unknown}
 o - 2 potions of magic {unknown}
 s - a potion of curing {unknown}
 x - 3 potions of degeneration {unknown}


   Skills:
 + Level 3.1 Fighting
 + Level 6.5 Short Blades
 + Level 7.9 Crossbows
 + Level 3.5 Dodging
 - Level 6.8 Stealth


You had 7 spell levels left.
You didn't know any spells.
Your spell library contained the following spells:

 Spells                   Type           Power      Damage    Failure   Level
 Portal Projectile        Hex/Tloc       0%         N/A       99%         3
 Blade Hands              Tmut           0%         N/A       100%        5
 Excruciating Wounds      Necr           0%         N/A       100%        5


Dungeon Overview and Level Annotations

Branches:
Dungeon (5/15)
 Temple: D:4-7

Altars:
Qazlal
Trog
Wu Jian
Xom

Shops:
D:2 *


Innate Abilities, Weirdness & Mutations

You are small and have problems with some larger weapons.
You are completely attuned to the shadows.


Message History

The orc warrior hits you with a +2 flail of protection!
* * * LOW HITPOINT WARNING * * *
The orc warrior closely misses you.
Fire: 4 bolts
Press: ? - help, Q - select action Shift-Dir - straight line, f/p - orc priest
Aim: an orc priest, wielding a +0 dagger and wearing a +0 scale mail (71% to hit)
You shoot a bolt.
The bolt closely misses the orc warrior.
The bolt hits the orc.
You kill the orc!
The orc warrior hits you with a +2 flail of protection.
* * * LOW HITPOINT WARNING * * *
Unknown command.
The orc priest casts a cantrip, but nothing happens.
You feel much better. The orc warrior completely misses you.
Fire: 3 bolts
Press: ? - help, Q - select action Shift-Dir - straight line, f/p - orc priest
Aim: an orc priest, wielding a +0 dagger and wearing a +0 scale mail (70% to hit)
You shoot a bolt.
The bolt hits the orc warrior but does no damage.
The orc warrior is heavily wounded.
The orc priest calls down the wrath of Beogh upon you.
Beogh smites you! The orc warrior barely misses you.
Fire: 2 bolts
Press: ? - help, Q - select action Shift-Dir - straight line, f/p - orc priest
Aim: an orc priest, wielding a +0 dagger and wearing a +0 scale mail (71% to hit)
You shoot a bolt.
The bolt hits the orc warrior but does no damage.
The orc warrior is heavily wounded.
The orc warrior hits you with a +2 flail of protection!
* * * LOW HITPOINT WARNING * * *
Fire: bolt
Press: ? - help, Q - select action Shift-Dir - straight line, f/p - orc priest
Aim: an orc priest, wielding a +0 dagger and wearing a +0 scale mail (71% to hit)
You shoot a bolt.
The bolt closely misses the orc warrior.
The bolt hits the orc priest!
The orc priest is severely wounded.
The orc warrior hits you with a +2 flail of protection!
You die...

#................###......#
#...........>....'.'......#
#..^..<..........###......#
####'#.........### #......#
#.#.####....# #####..#
####.#....>....##########.#
####.......##.....'...........
#....#.###.##..(..###########.
#....#.[...##@##### #.
#....########o# #+ ####.#
#o### #.# ######o..# #.#
#......#.# ### #.....(+.#
#......# # ###...... +.......


You could see an orc warrior, an orc priest and an orc.

Vanquished Creatures
  Sigmund (D:2)
  A sky beast (D:3)
  A black bear (D:5)
  An ogre (D:3)
  A water moccasin skeleton (D:4)
  4 hounds
  2 orc priests (D:5)
  3 jellies
  Natasha (twice) (D:2)
  2 iguanas
  A hound skeleton (D:5)
  A howler monkey zombie (D:5)
  2 adders
  4 ufetubi (D:5)
  3 worms
  3 dart slugs
  9 orcs (D:5)
  2 endoplasms
  5 giant cockroaches
  5 goblins
  6 hobgoblins
  2 jackals (D:3)
  5 quokkas
  6 ball pythons
  3 bats
  13 frilled lizards
  4 kobolds
  5 rats
97 creatures vanquished.

Vanquished Creatures (others)
  7 plants (D:2)
7 creatures vanquished.

Grand Total: 104 creatures vanquished

Notes
Turn   | Place    | Note
-------+----------+-------------------------------------------
     0 | D:1      | ZombieSheep the Kobold Hunter began the quest for the Orb.
     0 | D:1      | Reached XP level 1. HP: 12/12 MP: 1/1
   370 | D:1      | Reached skill level 1 in Short Blades
   370 | D:1      | Reached XP level 2. HP: 17/17 MP: 2/2
   380 | D:1      | Reached skill level 5 in Crossbows
   729 | D:2      | Noticed Natasha
   734 | D:2      | Killed Natasha
   735 | D:2      | Reached XP level 3. HP: 14/21 MP: 3/3
   834 | D:2      | Found a faded altar of an unknown god.
   843 | D:2      | Noticed Sigmund
   848 | D:2      | Killed Sigmund
   849 | D:2      | Reached skill level 6 in Crossbows
   849 | D:2      | Reached XP level 4. HP: 17/26 MP: 4/4
   849 | D:2      | Reached XP level 5. HP: 20/30 MP: 5/5
   987 | D:2      | Noticed Natasha
   995 | D:2      | Killed Natasha
   996 | D:2      | Reached XP level 6. HP: 30/35 MP: 6/6
  1109 | D:2      | Found Sumuesh's General Store.
  1783 | D:3      | Reached skill level 5 in Stealth
  2062 | D:3      | Found an ornate altar of the Wu Jian Council.
  2146 | D:3      | Noticed a sky beast
  2152 | D:3      | Killed a sky beast
  2249 | D:3      | Reached XP level 7. HP: 40/40 MP: 7/7
  2299 | D:3      | Found a bloodstained altar of Trog.
  2302 | D:3      | Found a shimmering altar of Xom.
  2302 | D:3      | Found a stormy altar of Qazlal.
  2344 | D:3      | Reached skill level 5 in Short Blades
  2731 | D:4      | Reached skill level 7 in Crossbows
  3907 | D:5      | Entered Level 5 of the Dungeon
  4182 | D:5      | Reached XP level 8. HP: 44/44 MP: 8/8
  5118 | D:5      | Mangled by an orc warrior

Illustrated notes

Levels and vault maps discovered:
D:1:      heliophobic_arrival_ceremonial_halls, layout_rooms
D:2:      layout_loops_ring, serial_shops, nicolae_shop_trees,
          shapermc_ecumenical_altar_notcrosses, minmay_lizard_king,
          uniq_sigmund, uniq_natasha
D:3:      layout_basic, minitemple, nzn_wu_jian_contemplation
D:4:      layout_loops_corners
D:5:      black_bear_nest_1, layout_basic, riverfiend_overflow_shadow_ancestor,
          minmay_holes

Skill      XL: |  1  2  3  4  5  6  7  8 |
---------------+-------------------------+-----
Short Blades   | 1 2 3 4 5 6 |  6.5
Stealth        | 2 4 5 6 |  6.8
Crossbows      | 5 6 7 |  7.9
Dodging        | 3 |  3.5
Fighting       | 3 |  3.1

Action                   |  1- 3 |  4- 6 |  7- 9 || total
-------------------------+-------+-------+-------++-------
Melee: Short sword       |    32 |    81 |   119 ||   232
 Fire: Hand crossbow     |     7 |    12 |    72 ||    91
  Use: Scroll            |     3 |     4 |       ||     7
       Potion            |       |       |     1 ||     1
 Stab: Sleeping          |     8 |    19 |    10 ||    37
Armor: Leather armour    |     7 |    14 |     1 ||    22
       Scale mail        |       |       |    74 ||    74
Dodge: Dodged            |    14 |    52 |   107 ||   173
